 Dungeon Crawl Stone Soup version 0.30-a0-1082-g70414cbcbb (webtiles) character file.

Game seed: 2004023417284565799

51 xian the Vexing (level 3, -1/26 HPs)
             Began as a Merfolk Hexslinger on Apr 15, 2023.
             Slain by Sigmund
             ... wielding a +0 scythe
              (4 damage)
             ... on level 2 of the Dungeon.
             The game lasted 00:02:14 (1446 turns).

xian the Vexing (Merfolk Hexslinger)                Turns: 1446, Time: 00:02:15

Health: -1/26      AC:  2    Str: 12    XL:     3   Next: 83%
Magic:  4/4        EV: 13    Int: 12    God:
Gold:   69         SH:  0    Dex: 14    Spells: 0/4 levels left

rFire   . . .      SeeInvis .    a - +1 sling
rCold   . . .      Faith    .    (no shield)
rNeg    . . .      Spirit   .    c - +0 robe
rPois   .          Reflect  .    (no helmet)
rElec   .          Rampage  .    (no cloak)
rCorr   .                        (no gloves)
Will    .....                    (no boots)
Stlth   +                        (no amulet)
HPRegen 0.24/turn                (no ring)
MPRegen 0.09/turn                (no ring)

@: confused, mighty
A: (nimble swimmer 2), mertail
a: no special abilities


You were on level 2 of the Dungeon.
You visited 1 branch of the dungeon, and saw 2 of its levels.

You collected 69 gold pieces.

Inventory:

Hand Weapons
 a - a +1 sling (weapon)
 h - a +0 short sword
Armour
 c - a +0 robe (worn)
Scrolls
 b - a scroll of poison
 e - 3 scrolls of teleportation {unknown}
 g - a scroll of identify {unknown}
 i - a scroll of fog {unknown}
Potions
 d - 2 potions of might
 f - a potion of heal wounds {unknown}
 j - a potion of flight {unknown}


   Skills:
 + Level 1.1 Fighting
 + Level 2.6 Ranged Weapons
 + Level 3.3 Dodging
 + Level 0.2 Stealth
 + Level 1.1 Spellcasting
 + Level 3.3 Hexes


You couldn't memorise any spells.
You knew the following spells:

 Your Spells              Type           Power      Damage    Failure   Level
a - Slow                  Hex            32%        N/A       8%          1
b - Inner Flame           Hex/Fire       4%         N/A       41%         3

Your spell library contained the following spells:

 Spells                   Type           Power      Damage    Failure   Level
 Dazzling Flash           Conj/Hex       8%         N/A       41%         3
 Portal Projectile        Hex/Tloc       8%         N/A       41%         3
 Cause Fear               Hex            4%         N/A       58%         4
 Volatile Blastmotes      Fire/Tloc      0%         2d10      65%         3
 Iskenderun's Mystic Bla  Conj/Tloc      0%         2d3       96%         4
 Starburst                Conj/Fire      0%         6d3       100%        6


Dungeon Overview and Level Annotations

Branches:
Dungeon (2/15)

Altars:

Annotations:
D:2 Sigmund


Innate Abilities, Weirdness & Mutations

((You are very nimble when in or above water. (Stealth+, EV+, Speed+++)))
Your lower body shifts to a powerful aquatic tail in water.


Message History

You bump into the rock wall.
Sigmund hits you with a +0 scythe. Sigmund hits you with a +0 scythe.
You miss Sigmund.
You feel less confused. Sigmund hits you with a +0 scythe!
You shoot a sling bullet. The sling bullet hits Sigmund.
Sigmund is moderately wounded.
Sigmund closely misses you.
You shoot a sling bullet. The sling bullet hits Sigmund.
Sigmund is moderately wounded.
Sigmund misses you.
You shoot a sling bullet. The sling bullet hits Sigmund.
Sigmund is heavily wounded.
Sigmund barely misses you.
You shoot a sling bullet.
The sling bullet hits Sigmund but does no damage.
Sigmund is heavily wounded.
Sigmund barely misses you.
You shoot a sling bullet.
The sling bullet hits Sigmund but does no damage.
Sigmund is heavily wounded.
Sigmund hits you with a +0 scythe.
You shoot a sling bullet. The sling bullet hits Sigmund!
Sigmund is severely wounded.
You shoot a sling bullet. The sling bullet barely misses Sigmund.
Sigmund closely misses you.
You shoot a sling bullet.
The sling bullet closely misses Sigmund.
Sigmund casts a spell at you. The magic dart hits you!
* * * LOW HITPOINT WARNING * * *
You shoot a sling bullet. The sling bullet barely misses Sigmund.
Sigmund misses you.
You shoot a sling bullet. The sling bullet hits Sigmund.
Sigmund is almost dead.
Sigmund points at you and mumbles some strange words.
You are confused.
Sigmund hits you from afar with a +0 scythe.
You die...

.)######....+ #...#
##...# #.# #...###
#...# #.# #...'.#
#...# #.#.#
#...#.#### #.#.#
#...#....## #.#.#
#...####..# #.#.#
#...# ##.## #.#.#
#...# #..#####@#.#
#...# ##.##......#
#...######.##..@...#
.........†......#
#######..#......#
.....#.<....+
.......#......#
#.......######++
#.......#


You could see Sigmund.

Vanquished Creatures
  An adder (D:2)
  A gnoll (D:1)
  A dart slug (D:1)
  3 ball pythons
  2 endoplasms (D:1)
  2 giant cockroaches (D:1)
  2 goblins
  7 hobgoblins (D:1)
  3 kobolds (D:1)
  2 quokkas (D:1)
  A frilled lizard (D:1)
  2 rats
27 creatures vanquished.

Notes
Turn   | Place    | Note
-------+----------+-------------------------------------------
     0 | D:1      | xian the Merfolk Hexslinger began the quest for the Orb.
     0 | D:1      | Reached XP level 1. HP: 15/15 MP: 2/2
   131 | D:1      | Reached XP level 2. HP: 21/21 MP: 3/3
   586 | D:1      | Reached XP level 3. HP: 26/26 MP: 4/4
   624 | D:1      | Learned a level 3 spell: Inner Flame
  1026 | D:2      | Found the +8 autumn katana {manifold assault}
  1290 | D:2      | Noticed Sigmund
  1446 | D:2      | Slain by Sigmund

Illustrated notes

Levels and vault maps discovered:
D:1:      psy_arrival_radial02, layout_basic
D:2:      layout_basic, uniq_sigmund

Skill      XL: |  1  2 |
---------------+-------+-----
Dodging        | 3 |  3.3
Ranged Weapons | 2 |  2.6
Fighting       | |  1.1
Stealth        | |  0.2
Spellcasting   | |  1.1
Hexes          | |  3.3

Action                     || total
---------------------------++-------
  Melee: Sling             ||     2
   Fire: Sling             ||   116
   Cast: Slow              ||     1
    Use: Potion            ||     1
 Armour: Robe              ||     5
  Dodge: Dodged            ||    62

Table legend: (Time is in decaauts)
 A = Elapsed time spent in this place.
 B = Non-inter-level travel time spent in this place.
 C = Inter-level travel time spent in this place.
 D = Time resting spent in this place.
 E = Time spent auto-exploring this place.
 F = Levels seen in this place.
 G = Mean time per level.
                   A        B        C        D        E       F      G
               +--------+--------+--------+--------+--------+-----+--------+
         Total |   1474 |   1461 |     13 |    110 |   1080 |   2 |  737.0 |
       Dungeon |   1474 |   1461 |     13 |    110 |   1080 |   2 |  737.0 |
               +--------+--------+--------+--------+--------+-----+--------+

Top non-repeatable levels by time:
     D:1: 1144 daAuts
     D:2: 330 daAuts
